AoeStats
← KaLong

Nomad

508356400Analyzed
4v4 RM · 10d ago on Sep 22, 2026· 20m 55s· 8 players
Game mode
Random Map
Map size
231×231
Population
200
Speed
Normal
Resources
Standard
Victory
Conquest
Starting age
Dark Age
Ending age
Imperial Age
RankedLock teamsTeams togetherTeam positionsShared explorationLock speedFull tech treeHidden civsTurbo modeCheats
Victory
Defeat
🇲🇽 Turks · Mexico
1839
+12
🇨🇳 Mongols · China
1837
+12
🇨🇳 Spanish · China
1567
+22
🇲🇽 Franks · Mexico
1543
+23
🇺🇸 Burmese · United States
1938
-24
🇺🇸 Mongols · United States
1740
-18
🇵🇪 Mapuche · Peru
1705
-17
🇺🇸 Georgians · United States
1529
-10
Bubbagump
5:02 Loom
14:16 Feudal Age
15:28 Gold Mining
15:22 Fishing Lines
18:16 Castle Age
17:15 Gold Mining
_LZ_
12:42 Feudal Age
16:31 Castle Age
15:54 Loom
17:47 Fletching
18:11 Town Watch
18:32 Double-Bit Axe
20:51 Bodkin Arrow
noru
3:42 Loom
13:45 Feudal Age
17:50 Castle Age
16:10 Double-Bit Axe
KaLong
4:06 Loom
14:23 Feudal Age
18:13 Castle Age
16:52 Double-Bit Axe
19:10 Medium Warships
19:22 Bow Saw
19:29 Fletching
20:21 Bodkin Arrow
20:25 Horse Collar
MZTK | GO1_mx
8:31 Loom
12:35 Feudal Age
13:27 Double-Bit Axe
15:13 Horse Collar
21:46 Castle Age
19:45 Gold Mining
19:46 Stone Mining
21:12 Bloodlines
21:09 Scale Barding Armor
Duaaa
7:42 Loom
14:21 Feudal Age
16:03 Wheelbarrow
16:55 Double-Bit Axe
17:32 Fletching
Bz_青红
5:24 Loom
12:51 Feudal Age
16:25 Castle Age
15:18 Town Watch
15:22 Double-Bit Axe
15:48 Horse Collar
17:41 Padded Archer Armor
18:09 Fletching
北冥有鲲
12:08 Loom
15:15 Feudal Age
15:52 Town Watch
18:49 Castle Age
16:53 Fishing Lines
16:59 Double-Bit Axe
17:31 Stone Mining
17:48 Gold Mining
18:21 Fletching
19:58 Bow Saw
20:15 Bodkin Arrow
Connection lost

Rejoining the realm…

Still unreachable

The connection could not be restored.

Session expired

The server has moved on; the page needs a fresh start.